 Dungeon Crawl Stone Soup version 0.23.2-33-g5129a83184 (webtiles) character file.

Game seed: 10500234834933830573

2657 Jaz the Cleaver (level 9, 0/82 (83) HPs)
             Began as a Hill Orc Berserker on June 27, 2019.
             Was a Priest of Trog.
             Succumbed to a hornet's poison
             ... on level 8 of the Dungeon.
             The game lasted 00:13:16 (7392 turns).

Jaz the Cleaver (Hill Orc Berserker)                Turns: 7392, Time: 00:13:16

HP:   0/82 (83)     AC:  7    Str: 23    XL:     9   Next: 62%
MP:   9/9           EV: 11    Int:  7    God:    Trog [***...]
Gold: 523           SH:  0    Dex:  8    Spells: 8/8 levels left

rFire    . . .     SeeInvis +   B - -2 war axe (curse)
rCold    . . .     Gourm    .   (no shield)
rNeg     . . .     Faith    .   o - +0 ring mail
rPois    .         Spirit   .   (no helmet)
rElec    .         Reflect  .   t - +0 cloak
rCorr    .         Harm     .   (no gloves)
MR       +....                  k - +0 pair of boots
Stlth    ..........             (no amulet)
HPRegen  0.23/turn              n - ring of protection from magic
MPRegen  0.11/turn              A - ring of see invisible

@: lethally poisoned (0 -> -19), berserk cooldown, slowed, very slow
A: clumsy 1, sense surroundings 1, evolution 1
a: Berserk, Trog's Hand, Renounce Religion


You were on level 8 of the Dungeon.
You worshipped Trog.
Trog was most pleased with you.
You were very hungry.

You visited 1 branch of the dungeon, and saw 8 of its levels.

You collected 523 gold pieces.

Inventory:

Hand Weapons
 v - a +0 war axe
 B - a cursed -2 war axe (weapon)
Missiles
 u - a throwing net (quivered)
Armour
 k - a +0 pair of boots (worn)
 o - a +0 ring mail (worn)
 t - a +0 cloak (worn)
Jewellery
 b - an uncursed ring of stealth
 m - an uncursed ring of ice
 n - a ring of protection from magic (left hand)
 A - a ring of see invisible (right hand)
Wands
 j - a wand of enslavement (6)
 p - a wand of flame (16)
 x - a wand of acid (5)
 y - a wand of disintegration (15)
Scrolls
 a - 2 scrolls of teleportation
 q - 4 scrolls of enchant armour
 r - 3 scrolls of identify
 C - a scroll of blinking
Potions
 d - 2 potions of heal wounds {unknown}
 e - 5 potions of might
 f - a potion of magic {unknown}
 g - a potion of berserk rage {unknown}
 i - 4 potions of curing {unknown}
 l - 5 potions of flight
 s - a potion of haste {unknown}
 w - a potion of cancellation {unknown}
 z - 2 potions of lignification
Comestibles
 c - 6 rations
 h - a chunk of flesh


   Skills:
 + Level 9.2 Fighting
 * Level 13.8 Axes
 - Level 2.1 Armour
 - Level 1.5 Dodging


You had 8 spell levels left.
You didn't know any spells.
Your spell library was empty.

Dungeon Overview and Level Annotations

Branches:
Dungeon (8/15)             Temple (0/1) D:7
   Lair: D:8-11

Altars:
Dithmenos
Elyvilon
Fedhas
Hepliaklqana
Kikubaaqudgha
Nemelex Xobeh
Qazlal
Sif Muna
Xom
Zin


Innate Abilities, Weirdness & Mutations

You are clumsy. (Dex -2)
You passively map a small area around you.
You evolve.


Message History

You feel sick. The hornet stings you!
* * * LOW HITPOINT WARNING * * *
You feel as though you will be slow longer.
Unknown command.
You miss the hornet.
The hornet is almost dead.
* * * LOW HITPOINT WARNING * * *
You feel sick. The hornet barely misses you. The shadow imp spits at you.
Unknown command.
You are too berserk!
You hit the hornet but do no damage.
The hornet is almost dead.
* * * LOW HITPOINT WARNING * * *
You feel sick. The hornet barely misses you.
Unknown command.
You are no longer berserk.
You are exhausted.
You feel as though you will be slow longer.
You die...

** * * ####.# * , ,
,, , ,#..#.# ,. ,, ,
#..#.# .. * , ,
,#..#)# ... * ,
#..#.######....
,#####..#.##........
, #......#.##S...#
,, #.###.##..y5...#
, , *
#.......@##Z...# ,
#...#.....#....# *
##..#######....#
#..#.# , .....# ,
#....# *#....#
#.##.# #....#
#.#<.#.# #....#
#(####.# ....
##......###....


You could see a hornet, an adder and a shadow imp.

Vanquished Creatures
  The ghost of dvd the Chopper, a novice MiFi of Uskayaw (D:6)
  Duvessa (D:5)
  4 phantoms
  An orc warrior (D:6)
  A black bear (D:5)
  A necrophage (D:8)
  3 ogres
  A centaur (D:7)
  5 bullfrogs
  Dowan (D:5)
  A scorpion (D:4)
  2 wights (D:6)
  3 howler monkeys (D:7)
  A crimson imp (D:5)
  A centaur zombie (D:7)
  4 orc priests
  2 hounds
  A jelly (D:6)
  2 orc wizards
  A bullfrog skeleton (D:7)
  2 worker ants
  2 hound skeletons
  A spectral worker ant (D:6)
  4 gnolls (D:5)
  A howler monkey skeleton (D:5)
  7 adders
  2 shadow imps
  2 oozes (D:3)
  2 worms (D:2)
  5 leopard geckos
  15 orcs
  11 giant cockroaches
  5 goblins
  10 hobgoblins
  9 jackals
  9 kobolds
  3 quokkas
  6 bats
  4 frilled lizards
  8 rats
145 creatures vanquished.

Notes
Turn   | Place    | Note
-------+----------+-------------------------------------------
     0 | D:1      | Jaz the Hill Orc Berserker began the quest for the Orb.
     0 | D:1      | Reached XP level 1. HP: 19/19 MP: 1/1
   536 | D:1      | Reached XP level 2. HP: 26/26 MP: 2/2
   590 | D:1      | Reached skill level 5 in Axes
   847 | D:1      | Reached XP level 3. HP: 31/31 MP: 3/3
  1111 | D:2      | Reached ** piety under Trog
  1125 | D:2      | Reached skill level 6 in Axes
  1549 | D:2      | Reached XP level 4. HP: 32/39 MP: 4/4
  2010 | D:2      | Found a deep blue altar of Sif Muna.
  2862 | D:4      | Reached skill level 7 in Axes
  2862 | D:4      | Reached XP level 5. HP: 33/46 MP: 5/5
  3673 | D:4      | Found a sparkling altar of Nemelex Xobeh.
  3679 | D:4      | Reached skill level 8 in Axes
  3679 | D:4      | Reached XP level 6. HP: 50/53 MP: 6/6
  3861 | D:5      | Entered Level 5 of the Dungeon
  3874 | D:5      | Reached skill level 5 in Fighting
  4045 | D:5      | Noticed a phantom
  4083 | D:5      | Killed a phantom
  4083 | D:5      | Reached skill level 9 in Axes
  4083 | D:5      | Reached XP level 7. HP: 52/61 MP: 7/7
  4207 | D:5      | Noticed Duvessa
  4208 | D:5      | Noticed Dowan
  4238 | D:5      | Killed Duvessa
  4242 | D:5      | Killed Dowan
  4651 | D:5      | Reached skill level 10 in Axes
  4688 | D:5      | Reached *** piety under Trog
  4703 | D:5      | Reached XP level 8. HP: 65/71 MP: 8/8
  4774 | D:5      | Found a glowing silver altar of Zin.
  4976 | D:5      | Found a shadowy altar of Dithmenos.
  5361 | D:6      | Reached skill level 11 in Axes
  5833 | D:6      | Found a stormy altar of Qazlal.
  5845 | D:6      | Found a transporter.
  5845 | D:6      | Noticed dvd's ghost (novice MiFi)
  5858 | D:6      | Found a transporter.
  5876 | D:6      | Gained mutation: Scrolls take you a little longer to read.
                  | [potion of mutation]
  5876 | D:6      | Gained mutation: You are dopey. (Int -2) [potion of
                  | mutation]
  5876 | D:6      | Gained mutation: Armour fits poorly on your strangely
                  | shaped body. [potion of mutation]
  5876 | D:6      | Gained mutation: You are partially covered in slimy green
                  | scales. (AC +2) [potion of mutation]
  5908 | D:6      | Lost mutation: You are dopey. (Int -2) [potion of mutation]
  5908 | D:6      | Lost mutation: Scrolls take you a little longer to read.
                  | [potion of mutation]
  5908 | D:6      | Lost mutation: Armour fits poorly on your strangely shaped
                  | body. [potion of mutation]
  5908 | D:6      | Lost mutation: You are partially covered in slimy green
                  | scales. (AC +2) [potion of mutation]
  5908 | D:6      | Gained mutation: You evolve. [potion of mutation]
  5908 | D:6      | Gained mutation: You are clumsy. (Dex -2) [potion of
                  | mutation]
  5908 | D:6      | Gained mutation: You passively map a small area around you.
                  | [potion of mutation]
  6124 | D:6      | Found a shimmering altar of Xom.
  6134 | D:6      | Found a blossoming altar of Fedhas.
  6134 | D:6      | Found a white marble altar of Elyvilon.
  6139 | D:6      | Found a hazy altar of Hepliaklqana.
  6376 | D:6      | Killed dvd's ghost
  6376 | D:6      | Reached skill level 12 in Axes
  6376 | D:6      | Reached XP level 9. HP: 81/81 MP: 9/9
  6653 | D:7      | Reached skill level 13 in Axes
  6871 | D:7      | Found an ancient bone altar of Kikubaaqudgha.
  6875 | D:7      | Identified the Compendium of Envenoming and Earth
  7003 | D:7      | Found a staircase to the Ecumenical Temple.
  7372 | D:8      | Noticed a hornet
  7379 | D:8      | Paralysed by a hornet for 1 turns
  7389 | D:8      | HP: 5/123 [hornet (13)]
  7392 | D:8      | Succumbed to a hornet's poison

Skill      XL: |  1  2  3  4  5  6  7  8  9 |
---------------+----------------------------+-----
Axes           | 5 6 7 8 9 10 12 13 | 13.8
Fighting       | 4 5 6 8 9 |  9.2
Armour         | |  2.1
Dodging        | |  1.5

Action                   |  1- 3 |  4- 6 |  7- 9 || total
-------------------------+-------+-------+-------++-------
Melee: Hand axe          |    90 |   132 |       ||   222
       Whip              |    40 |       |       ||    40
       War axe           |       |    32 |   271 ||   303
Invok: Berserk           |     5 |     2 |     8 ||    15
       Trog's Hand       |       |       |     2 ||     2
  Use: Scroll            |     4 |     3 |     7 ||    14
       Potion            |       |       |     3 ||     3
 Stab: Sleeping          |       |       |     1 ||     1
  Eat: Chunk             |     6 |    11 |    11 ||    28
       Ration            |       |       |     2 ||     2
Armor: Animal skin       |    31 |    16 |       ||    47
       Ring mail         |       |    41 |    76 ||   117
Dodge: Dodged            |    85 |    94 |   143 ||   322
